Map: Terraform LE

Players

Kappa - Winner!

  • Race: Zerg Zerg
  • League: Diamond

YMSNoms

  • Race: Protoss Protoss
  • League: Diamond

VOD

Have the link to the VOD?

Description

Time

  • Played on: Oct. 26, 2015, 1:54 p.m.
  • Length: 11:05
Show
View Real Time Build Order
Export as new Build Order

Kappa Zerg - Winner!

Build Orders: Hatch First 

Get SALT Encoding   

  12  0:01  Drone  
  13  0:12  Overlord  
  13  0:17  Drone  
  14  0:25  Drone, Extractor  
  15  0:31  Drone  
  16  0:35  Drone  
  17  0:53  Hatchery  
  17  0:56  Drone  
  17  0:59  Drone  
  18  1:10  Extractor  
  17  1:14  Spawning Pool  
  17  1:17  Drone  
  17  1:20  Drone  
  18  1:28  Overlord  
  18  1:39  Drone  
  19  1:50  Drone  
  20  2:00  Queen  
  22  2:01  Zergling x2  
  22  2:04  Queen  
  22  2:05  Zergling x2  
  26  2:10  Metabolic Boost  
  26  2:15  Drone  
  27  2:16  Drone  
  27  2:22  Drone  
  29  2:33  Overlord  
  29  2:41  Queen  
  31  2:47  Hatchery  
  31  2:49  Drone  
  31  2:52  Drone  
  31  2:54  Drone  
  31  2:56  Drone  
  31  2:58  Drone  
  35  3:04  Drone  
  35  3:10  Overlord  
  34  3:14  Drone x3  
  34  3:18  Drone x3  
  40  3:21  Drone  
  41  3:31  Drone, Extractor  
  41  3:32  Drone  
  42  3:34  Roach Warren  
  42  3:35  Drone  
  42  3:40  Zergling x2  
  43  3:43  Drone  
  43  3:44  Drone  
  43  3:48  Zergling x4  
  47  3:52  Zergling x4  
  47  3:53  Zergling x4  
  51  3:55  Lair  
  51  3:59  Overlord  
  51  4:06  Overlord  
  51  4:07  Evolution Chamber  
  49  4:14  Overlord  
  49  4:15  Overlord  
  49  4:19  Drone  
  49  4:20  Drone x2  
  52  4:24  Overlord  
  52  4:26  Drone  
  52  4:27  Drone  
  52  4:28  Drone  
  52  4:29  Drone x2  
  52  4:30  Extractor  
  56  4:32  Drone  
  56  4:37  Zerg Missile Weapons Level 1  
  56  4:38  Drone  
  57  4:39  Drone  
  57  4:40  Drone  
  59  4:48  Drone x3  
  59  4:52  Overlord  
  62  4:59  Spore Crawler  
  60  5:01  Spore Crawler  
  60  5:02  Spore Crawler  
  60  5:05  Overseer  
  54  5:13  Roach  
  62  5:14  Roach x5  
  62  5:19  Drone x2  
  62  5:20  Drone x2  
  68  5:27  Drone  
  68  5:28  Drone, Hydralisk Den  
  69  5:35  Drone  
  70  5:38  Ravager x3  
  70  5:42  Overlord  
  73  5:46  Drone  
  73  5:47  Drone x6  
  73  5:48  Drone  
  73  5:49  Ravager  
  82  5:52  Drone  
  82  5:53  Extractor  
  82  5:57  Overlord  
  82  6:03  Muscular Augments  
  82  6:07  Drone x3  
  82  6:10  Drone x3  
  88  6:11  Drone x2  
  90  6:24  Overseer  
  89  6:26  Hydralisk x3  
  89  6:30  Extractor  
  89  6:31  Extractor  
  89  6:32  Drone  
  94  6:33  Drone x3  
  94  6:36  Overlord  
  97  6:40  Overlord  
  97  6:41  Zerg Missile Weapons Level 2  
  97  6:43  Hatchery  
  96  6:50  Overlord x2  
  96  6:54  Overlord  
  96  6:57  Overlord  
  96  7:00  Hydralisk x2  
  100  7:01  Infestation Pit  
  100  7:06  Drone x2  
  101  7:10  Hydralisk  
  101  7:11  Hydralisk x2  
  106  7:17  Drone  
  107  7:25  Drone x2  
  107  7:26  Hydralisk x3  
  107  7:27  Hydralisk  
  107  7:28  Queen  
  107  7:29  Queen  
  123  7:34  Drone  
  123  7:35  Overseer  
  123  7:37  Hydralisk x2  
  124  7:40  Spore Crawler  
  124  7:41  Drone x3  
  130  7:47  Hive  
  128  7:51  Hydralisk x2  
  132  7:58  Drone x2  
  132  7:59  Drone x4, Hydralisk x2  
  142  8:12  Drone  
  143  8:14  Extractor  
  143  8:15  Spore Crawler, Extractor  
  143  8:16  Overlord x3, Hydralisk  
  142  8:23  Overlord x2  
  141  8:34  Hatchery  
  141  8:38  Hydralisk x6  
  133  8:43  Hydralisk x3  
  126  8:50  Queen  
  126  8:54  Hydralisk x3  
  134  9:03  Viper x2  
  134  9:05  Hydralisk  
  134  9:08  Drone x2  
  144  9:12  Hatchery  
  144  9:14  Hydralisk x2  
  147  9:21  Overlord x2  
  147  9:23  Hydralisk x2  
  147  9:24  Hydralisk x2  
  147  9:27  Overseer  
  151  9:39  Queen x3  
  151  9:43  Overlord x2  
  151  9:45  Hydralisk  
  159  9:48  Zergling x4  
  159  9:49  Zergling x2  
  162  9:56  Drone  
  164  10:00  Drone  
  164  10:01  Spire  
  163  10:09  Hydralisk x4  
  171  10:14  Queen  
  172  10:23  Hydralisk x6  
  172  10:26  Hydralisk  
  186  10:36  Hydralisk x3  
Show
View Real Time Build Order
Export as new Build Order

YMSNoms Protoss 

Build Orders: 1 Gate Expand 

Get SALT Encoding   

  12  0:02  Probe (Chrono Boost)  
  13  0:13  Probe (Chrono Boost)  
  14  0:18  Pylon  
  14  0:24  Probe (Chrono Boost)  
  15  0:36  Probe (Chrono Boost)  
  16  0:44  Gateway  
  16  0:46  Probe (Chrono Boost)  
  16  0:49  Assimilator  
  17  1:00  Probe (Chrono Boost)  
  18  1:11  Probe (Chrono Boost)  
  19  1:21  Probe (Chrono Boost)  
  20  1:30  Nexus  
  20  1:32  Probe (Chrono Boost)  
  21  1:43  Probe (Chrono Boost)  
  21  1:46  Cybernetics Core  
  23  1:54  Probe (Chrono Boost)  
  23  2:00  Pylon  
  23  2:18  Probe (Chrono Boost)  
  24  2:27  Adept (Chrono Boost), Warp Gate  
  28  2:30  Mothership Core (Chrono Boost)  
  28  2:33  Pylon  
  28  2:36  Assimilator  
  28  2:42  Probe (Chrono Boost)  
  29  2:49  Probe  
  30  2:52  Probe  
  31  3:01  Probe  
  31  3:03  Probe  
  33  3:13  Probe x2  
  33  3:16  Stargate  
  37  3:20  Stalker (Chrono Boost)  
  37  3:24  Probe  
  37  3:25  Probe  
  39  3:34  Probe  
  39  3:35  Forge  
  39  3:37  Probe  
  41  3:42  Gateway  
  41  3:45  Probe  
  42  3:49  Probe  
  43  3:56  Probe  
  43  4:00  Oracle (Chrono Boost)  
  43  4:01  Probe  
  48  4:04  Assimilator  
  48  4:06  Probe  
  49  4:14  Probe  
  49  4:16  Photon Cannon  
  49  4:17  Probe  
  48  4:21  Pylon  
  49  4:25  Gateway  
  49  4:26  Probe  
  49  4:27  Probe  
  49  4:28  Gateway, Pylon  
  50  4:36  Zealot  
  50  4:38  Probe x2  
  53  4:39  Zealot  
  53  4:43  Pylon  
  53  4:45  Void Ray (Chrono Boost)  
  60  4:48  Probe  
  60  4:50  Probe, Protoss Ground Weapons Level 1  
  61  4:59  Probe  
  61  5:02  Probe  
  63  5:09  Probe  
  64  5:14  Probe  
  64  5:17  Adept x2, Pylon, Stargate  
  64  5:20  Probe  
  69  5:23  Assimilator  
  70  5:28  Pylon  
  70  5:29  Pylon  
  70  5:35  Probe  
  75  5:36  Void Ray (Chrono Boost)  
  75  5:46  Zealot, Pylon  
  75  5:47  Zealot  
  75  5:48  Probe  
  80  5:53  Stargate  
  80  5:56  Probe  
  80  6:01  Pylon  
  80  6:02  Pylon  
  85  6:04  Void Ray (Chrono Boost)  
  85  6:09  Nexus  
  85  6:12  Probe  
  85  6:13  Pylon  
  86  6:21  Void Ray (Chrono Boost)  
  86  6:25  Probe  
  91  6:26  Probe  
  91  6:28  Nexus  
  92  6:33  Photon Cannon  
  92  6:37  Probe  
  92  6:38  Probe  
  94  6:46  Void Ray (Chrono Boost)  
  98  6:49  Void Ray (Chrono Boost)  
  102  6:55  Adept x2  
  106  7:04  Adept x2  
  110  7:11  Probe x2  
  112  7:17  Void Ray (Chrono Boost)  
  116  7:28  Robotics Facility  
  116  7:29  Pylon  
  116  7:31  Protoss Air Weapons Level 1  
  116  7:41  Void Ray (Chrono Boost)  
  120  7:54  Void Ray (Chrono Boost)  
  120  7:58  Assimilator x2  
  124  8:00  Pylon  
  124  8:05  Adept x3  
  130  8:11  Void Ray (Chrono Boost)  
  134  8:25  Adept x4  
  135  8:28  Observer  
  126  8:42  Void Ray (Chrono Boost)  
  126  8:46  Adept x2  
  132  9:04  Cybernetics Core  
  132  9:06  Gateway, Nexus  
  132  9:07  Pylon  
  132  9:08  Gateway, Pylon x2, Assimilator  
  132  9:10  Assimilator  
  132  9:13  Void Ray (Chrono Boost)  
  136  9:26  Void Ray (Chrono Boost)  
  136  9:27  Void Ray (Chrono Boost)  
  124  9:44  Probe x2, Fleet Beacon  
  126  9:51  Twilight Council  
  126  10:01  Adept  
  126  10:02  Adept x3  
  134  10:15  Robotics Bay  
  134  10:19  Void Ray (Chrono Boost)  
  142  10:22  Void Ray (Chrono Boost)  
  142  10:30  Pylon  
  142  10:32  Pylon  
  142  10:41  Adept x3  
  140  10:48  Adept  
  140  10:49  Adept x2  
Tags
 
Add a new tag
Caveats
  • Supply blocks, unpowered buildings, or Contaminate may cause inaccurate times.
  • Supply counts are checked every 10 seconds.